AoeStats
← Xhour

Black Forest

509580617Analyzed
2v2 RM · 6d ago on Sep 27, 2026· 49m 36s· 4 players
Game mode
Random Map
Map size
Medium (4 player)
Population
200
Speed
Normal
Resources
Standard
Victory
Conquest
Starting age
Dark Age
Ending age
Imperial Age
RankedLock teamsTeams togetherTeam positionsShared explorationLock speedFull tech treeHidden civsTurbo modeCheats
Victory
Defeat
🇬🇷 Khmer · Greece
927
+14
🇹🇷 Spanish · Türkiye
921
+14
🇫🇷 Franks · France
892
-15
🇫🇷 Spanish · France
864
-13
Katavera
3:47 Loom
17:38 Feudal Age
18:28 Double-Bit Axe
18:27 Horse Collar
19:27 Wheelbarrow
23:08 Gold Mining
23:51 Stone Mining
26:17 Castle Age
27:11 Squires
26:32 Pikeman
27:01 Gambesons
28:03 Husbandry
28:14 Bloodlines
28:27 Caravan
32:14 Heavy Plow
32:49 Bow Saw
43:02 Imperial Age
40:53 Hand Cart
44:46 Chemistry
43:44 Murder Holes
44:10 Ballistics
44:03 Scale Barding Armor
43:59 Scale Mail Armor
44:08 Padded Archer Armor
47:17 Cavalier
48:23 Leather Archer Armor
masaoutis
0:28 Loom
13:48 Feudal Age
17:37 Castle Age
16:14 Double-Bit Axe
16:13 Horse Collar
18:20 Heavy Plow
24:19 Stone Mining
32:24 Imperial Age
30:24 Gold Mining
31:58 Bloodlines
31:48 Husbandry
31:09 Light Cavalry
32:05 Forging
31:46 Fletching
32:02 Scale Barding Armor
33:54 Gold Shaft Mining
33:58 Iron Casting
33:44 Chain Barding Armor
34:05 Wheelbarrow
34:08 Conscription
34:29 Crop Rotation
34:30 Bow Saw
34:40 Hussar
37:38 Blast Furnace
37:33 Plate Barding Armor
42:14 Tusk Swords
44:35 Chemistry
43:00 Elite Battle Elephant
__yoshimitsu__
0:46 Loom
14:35 Feudal Age
15:52 Wheelbarrow
15:06 Double-Bit Axe
15:05 Horse Collar
20:27 Gold Mining
20:30 Stone Mining
24:05 Castle Age
25:16 Hand Cart
25:14 Bow Saw
25:43 Stone Shaft Mining
25:12 Heavy Plow
30:41 Caravan
36:40 Imperial Age
34:30 Fortified Wall
37:13 Husbandry
37:24 Bloodlines
38:27 Two-Man Saw
38:31 Chemistry
37:42 Masonry
37:27 Murder Holes
37:56 Conscription
37:03 Cavalier
38:34 Forging
38:30 Scale Barding Armor
40:15 Iron Casting
40:00 Chain Barding Armor
42:32 Onager
43:44 Onager
48:58 Paladin
Xhour
0:34 Loom
12:52 Feudal Age
14:11 Wheelbarrow
13:40 Double-Bit Axe
15:24 Gold Mining
15:27 Stone Mining
16:16 Town Watch
24:29 Castle Age
25:47 Caravan
26:32 Town Patrol
30:13 Hand Cart
29:59 Murder Holes
30:18 Fortified Wall
30:23 Treadmill Crane
33:46 Guard Tower
37:32 Imperial Age
35:21 Masonry
35:32 Ballistics
36:05 Bow Saw
36:35 Gold Shaft Mining
36:12 Scale Barding Armor
36:07 Scale Mail Armor
38:10 Husbandry
37:31 Light Cavalry
39:04 Conscription
39:23 Hoardings
38:19 Cavalier
39:25 Forging
39:49 Chain Barding Armor
39:44 Chain Mail Armor
39:21 Elite Skirmisher
40:06 Padded Archer Armor
41:28 Plate Barding Armor
41:24 Plate Mail Armor
41:24 Chivalry
41:05 Paladin
45:21 Iron Casting
48:18 Blast Furnace
Connection lost

Rejoining the realm…

Still unreachable

The connection could not be restored.

Session expired

The server has moved on; the page needs a fresh start.